 Dungeon Crawl Stone Soup version 0.31.0-11-ge490571c62 (webtiles) character file.

Game seed: 14371317776116492315

35 Aldia the Charlatan (level 3, 0/18 HPs)
             Began as a Spriggan Artificer on Feb 4, 2024.
             Succumbed to an adder's poison
             ... on level 1 of the Dungeon.
             The game lasted 00:02:59 (667 turns).

Aldia the Charlatan (Spriggan Artificer)             Turns: 667, Time: 00:02:59

Health: 0/18       AC:  2    Str:  8    XL:     3   Next: 17%
Magic:  4/4        EV: 17    Int: 14    God:
Gold:   33         SH:  0    Dex: 13    Spells: 2/2 levels left

rFire   . . .        l - +2 dagger (elec)
rCold   . . .        (no shield)
rNeg    . . .        b - +0 robe
rPois   .            (helmet currently unavailable)
rElec   .            (cloak currently unavailable)
rCorr   .            (gloves unavailable)
SInv    +            (boots unavailable)
Will    .....        (no amulet)
Stlth   ++           (no ring)
HPRegen 0.23/turn    (no ring)
MPRegen 0.09/turn

%: no passive effects
@: lethally poisoned (0 -> -3), beast-form, attractive, invisible, very quick
A: beast (slay +0), very small, no large weapons, unfitting armour, see
invisible, speed 3, clumsy 1
a: Begin Untransformation


You were on level 1 of the Dungeon.
You were a hulking beast.
You visited 1 branch of the dungeon, and saw 2 of its levels.

You collected 33 gold pieces.

Inventory:

Hand Weapons
 a - a +0 club
 f - a +0 dagger
 l - a +2 dagger of electrocution (weapon)
Armour
 b - a +0 robe (worn)
Talismans
 i - a beast talisman (active)
Wands
 d - a wand of charming (8)
 e - a wand of iceblast (5)
Scrolls
 h - a scroll of fear {unknown}
 j - a scroll of teleportation {unknown}


   Skills:
 + Level 1.3 Fighting
 * Level 2.0 Short Blades
 - Level 3.2 Dodging
 + Level 2.8 Stealth
 - Level 4.0 Evocations


You had 2 spell levels left.
You didn't know any spells.
Your spell library was empty.

Dungeon Overview and Level Annotations

Branches:
Dungeon (2/15)

Altars:


Innate Abilities, Weirdness & Mutations

You are a hulking beast.
Your limbs bulge with bestial killing power. (Slay +0)
You are very small and have problems with some larger weapons.
You are too small for most types of armour.
You have supernaturally acute eyesight. (SInv)
You cover ground extremely quickly. (Speed+++)
You are clumsy. (Dex -2)


Message History

You are poisoned.
The adder poisons you!
You closely miss the adder.
The adder is lightly wounded.
You feel sick.
A goblin comes into view. It is wielding a +0 club.
The adder bites you.
You hit the adder.
The adder is moderately wounded.
You feel sick. The adder bites you.
You are more poisoned.
The adder poisons you!
You barely miss the adder.
The adder is moderately wounded.
You feel sick. The adder closely misses you.
You closely miss the adder.
The adder is moderately wounded.
You feel sick. The adder bites you.
You are lethally poisoned!
The adder poisons you!
* * * LOW HITPOINT WARNING * * *
You feel very sick. The adder barely misses you.
The frilled lizard closely misses you. The adder completely misses you.
You climb upwards.
* * * LOW HITPOINT WARNING * * *
You feel very sick.
There is a stone staircase leading down here.
It was a potion of invisibility.
You fade into invisibility!
* * * LOW HITPOINT WARNING * * *
You feel sick.
Unknown command.
It was a potion of attraction.
You feel attractive to monsters.
* * * LOW HITPOINT WARNING * * *
You feel sick.
It was a potion of mutation.
You feel extremely strange.
You feel clumsy.
You die...

##.........................######
########.##................##....
#.................(.......###....
#.######.##......)..##...##......
#.######.##.........###.###......
#.##.............)..#...รท..)#....
#.##..................#..#####...
.........................# #.##
#............#.#h##..##.######.#
#............#.#l....##....##..#
.....................##....##.##
....).##......####.#..........#
............................###
......#..#########.#...[....#
.............#####.........##
......######.......#.......#
......# ######..........#


You could see a frilled lizard (wandering, unable to see you).

Vanquished Creatures
  5 bats (D:1)
  3 endoplasms (D:1)
  3 giant cockroaches (D:1)
  6 goblins (D:1)
  2 jackals (D:1)
  A quokka (D:1)
  2 ball pythons (D:1)
  A frilled lizard (D:1)
  4 kobolds (D:1)
  A rat (D:1)
28 creatures vanquished.

Vanquished Creatures (collateral kills)
  A giant cockroach (D:1)
  A goblin (D:1)
  A bat (D:1)
  A frilled lizard (D:1)
4 creatures vanquished.

Vanquished Creatures (others)
  A hobgoblin (D:1)
  A jackal (D:1)
2 creatures vanquished.

Grand Total: 34 creatures vanquished

Notes
Turn   | Place    | Note
-------+----------+-------------------------------------------
     0 | D:1      | Aldia the Spriggan Artificer began the quest for the Orb.
     0 | D:1      | Reached XP level 1. HP: 9/9 MP: 2/2
    66 | D:1      | Reached skill level 1 in Fighting
    92 | D:1      | Reached skill level 1 in Short Blades
    92 | D:1      | Reached XP level 2. HP: 14/14 MP: 3/3
   320 | D:1      | Reached XP level 3. HP: 9/18 MP: 4/4
   667 | D:1      | Gained mutation: You are clumsy. (Dex -2) [potion of
                  | mutation]
   667 | D:1      | Succumbed to an adder's poison

Illustrated notes

Levels and vault maps discovered:
D:1:      beargit_arrival_greenhouse, layout_rooms, st_stairs_12,
          minmay_three_crescents
D:2:      layout_basic, minmay_statues_item

Skill      XL: |  1  2  3 |
---------------+----------+-----
Stealth        | 2 |  2.8
Fighting       | 1 |  1.3
Short Blades   | 1 2 |  2.0
Dodging        | |  3.2
Evocations     | |  4.0

Action                     || total
---------------------------++-------
  Melee: Dagger            ||    95
  Evoke: Wand              ||    22
    Use: Potion            ||     3
   Stab: Sleeping          ||     1
 Armour: Robe              ||    55
  Dodge: Dodged            ||   144
   Form: Beast             ||     1
